 Dungeon Crawl Stone Soup version 0.19.4-12-gccf7e64 (webtiles) character file.

511 Magnus the Grave Robber (level 6, -5/41 HPs)
             Began as a Demonspawn Necromancer on Feb 27, 2017.
             Shot with an arrow by a centaur (10 damage)
             ... on level 5 of the Dungeon on Feb 28, 2017.
             The game lasted 00:15:31 (5449 turns).

Magnus the Grave Robber (Demonspawn Necromancer)    Turns: 5449, Time: 00:15:32

Health: -5/41      AC:  5    Str:  9    XL:     6   Next: 99%
Magic:  11/13      EV: 12    Int: 18    God:
Gold:   249        SH:  4    Dex: 13    Spells: 3 memorised, 8 levels left

rFire  . . .     SeeInvis +     d - +1 dagger
rCold  + . .     Gourm    .     a - +0 robe
rNeg   . . .     Faith    .     (no shield)
rPois  .         Spirit   .     (no helmet)
rElec  .         Reflect  +     (no cloak)
rCorr  .         Harm     .     (no gloves)
MR     .....                    s - +2 pair of boots
Stlth  ++........               p - +4 amulet of reflection
                                t - ring of flight
                                i - ring of see invisible

@: very slightly contaminated, invisible
A: claws 1, cold resistance 1, freezing cloud immunity
a: Evoke Flight


You were on level 5 of the Dungeon.
You were not hungry.

You visited 1 branch of the dungeon, and saw 5 of its levels.

You collected 249 gold pieces.

Inventory:

Hand Weapons
 d - a +1 dagger (weapon)
Armour
 a - a +0 robe (worn)
 s - a +2 pair of boots (worn)
Jewellery
 i - a ring of see invisible (left claw)
 p - a +4 amulet of reflection (around neck)
 t - a ring of flight (right claw)
Wands
 h - a wand of polymorph (8/24)
 u - a wand of disintegration (15/24)
 v - a wand of flame (17/48)
Scrolls
 e - 3 scrolls of enchant weapon
 o - 2 scrolls of remove curse
 w - a scroll of amnesia
Potions
 f - 2 potions of cancellation
 j - a potion of haste
 q - a potion of berserk rage {unknown}
Books
 b - a book of Necromancy

   Spells                             Type                      Level
   a - Pain                           Necromancy                   1
   b - Animate Skeleton               Necromancy                   1
   c - Vampiric Draining              Necromancy                   3
   d - Regeneration                   Charms/Necromancy            3
   e - Animate Dead                   Necromancy                   4
   f - Control Undead                 Necromancy                   4
Comestibles
 c - 4 bread rations
 g - a beef jerky
 k - 2 fruits
 l - a meat ration


   Skills:
 - Level 1.7 Dodging
 - Level 1.7 Stealth
 + Level 5.0 Spellcasting
 + Level 7.2 Necromancy


You had 8 spell levels left.
You knew the following spells:

 Your Spells              Type           Power        Failure   Level  Hunger
a - Pain                  Necr           ####         1%          1    None
b - Vampiric Draining     Necr           ####......   1%          3    ##.....
c - Regeneration          Chrm/Necr      ###.......   12%         3    ##.....


Dungeon Overview and Level Annotations

Branches:
Dungeon (5/15)
 Temple: D:4-7

Altars:
Gozag
Hepliaklqana
Trog
Xom

Shops:
D:4 *?%(


Innate Abilities, Weirdness & Mutations

You have sharp fingernails.
Your flesh is cold resistant. (rC+)
You are immune to freezing clouds.


Message History

The worker ant writhes in agony!
You kill the worker ant!
Casting: Pain
Confirm with . or Enter, or press ? or * to list all spells.
You can't see any susceptible monsters within range! (Use Z to cast anyway.)
A centaur comes into view.
The centaur shouts!
The centaur wields a shortbow.
The centaur shoots an arrow.
The arrow hits you!
You see here an arrow.
An orc comes into view.
The centaur shoots an arrow.
The arrow hits you!
The centaur shoots an arrow.
The arrow hits you!
* * * LOW HITPOINT WARNING * * *
Things that are here:
2 arrows; a scroll of remove curse You fade into invisibility!
The centaur shoots an arrow.
The arrow barely misses you.
You are very lightly contaminated with residual magic.
The centaur shoots an arrow.
The arrow hits you!
You die...

############
#..........#
#..........#
#..........#
##.......<..#
###...........#
#.c....@((....#
#.######.######
#..# #.## #. ..
#.. #.o


You could see a centaur.

Vanquished Creatures
  2 ogres (D:4)
  A bullfrog skeleton (D:4)
  2 hounds (D:4)
  An iguana (D:4)
  2 worker ants
  8 adders
  3 oozes
  A worm (D:3)
  2 leopard geckos
  7 bats
  3 giant cockroaches
  7 goblins
  7 hobgoblins
  7 jackals
  13 kobolds
  5 quokkas
  A ball python (D:4)
  11 frilled lizards
  13 rats
96 creatures vanquished.

Notes
Turn   | Place    | Note
-------+----------+-------------------------------------------
     0 | D:1      | Magnus the Demonspawn Necromancer began the quest for the Orb.
     0 | D:1      | Reached XP level 1. HP: 13/13 MP: 3/3
   292 | D:1      | Gained mutation: Your flesh is cold resistant. (rC+) [demonic ancestry]
   292 | D:1      | Reached XP level 2. HP: 8/19 MP: 3/5
  1130 | D:1      | Reached skill level 5 in Necromancy
  1130 | D:1      | Gained mutation: You are immune to freezing clouds. [demonic ancestry]
  1130 | D:1      | Reached XP level 3. HP: 17/24 MP: 0/7
  1831 | D:2      | Found a faded altar of an unknown god.
  1879 | D:2      | Found a shimmering altar of Xom.
  2493 | D:2      | Reached XP level 4. HP: 29/30 MP: 5/8
  3645 | D:3      | Learned a level 3 spell: Vampiric Draining
  3649 | D:3      | Learned a level 3 spell: Regeneration
  3896 | D:3      | Reached XP level 5. HP: 35/35 MP: 8/10
  3996 | D:3      | Found a faded altar of an unknown god.
  3996 | D:3      | Found a faded altar of an unknown god.
  4005 | D:3      | Found a faded altar of an unknown god.
  4008 | D:3      | Found a hazy altar of Hepliaklqana.
  4009 | D:3      | Found an opulent altar of Gozag.
  4364 | D:4      | Reached skill level 6 in Necromancy
  4570 | D:4      | Found a bloodstained altar of Trog.
  4584 | D:4      | Found Heluczu's Assorted Antiques.
  4626 | D:4      | Found Azxaelam's Magic Scroll Shoppe.
  4637 | D:4      | Noticed an ogre
  4644 | D:4      | Killed an ogre
  4644 | D:4      | Gained mutation: You have sharp fingernails. [demonic ancestry]
  4644 | D:4      | Reached XP level 6. HP: 21/41 MP: 1/12
  4986 | D:4      | Reached skill level 7 in Necromancy
  5048 | D:4      | Found Boquroc's Food Shop.
  5284 | D:4      | Found Suog's Weapon Shoppe.
  5310 | D:4      | Reached skill level 5 in Spellcasting
  5442 | D:5      | Entered Level 5 of the Dungeon
  5449 | D:5      | Shot with an arrow by a centaur

Skill      XL: |  1  2  3  4  5  6 |
---------------+-------------------+-----
Necromancy     | 5 6 7 |  7.2
Spellcasting   | 3 4 5 |  5.0
Dodging        | |  1.7
Stealth        | |  1.7

Action                   |  1- 3 |  4- 6 || total
-------------------------+-------+-------++-------
Melee: Dagger            |    53 |    21 ||    74
       Unarmed           |     6 |       ||     6
 Cast: Pain              |    70 |   115 ||   185
       Vampiric Draining |       |     2 ||     2
  Use: Scroll            |       |    10 ||    10
       Potion            |       |     1 ||     1
  Eat: Chunk             |     5 |     9 ||    14
Armor: Robe              |     7 |     8 ||    15
Dodge: Dodged            |    46 |    33 ||    79
